 Dungeon Crawl Stone Soup version 0.20.1-1-g8b1a95d (webtiles) character file.

62 letownia2 the Grave Robber (level 3, -7/28 HPs)
             Began as a Deep Dwarf Necromancer on Oct 27, 2017.
             Killed by divine providence
             ... invoked by an orc priest
              (11 damage)
             ... on level 4 of the Dungeon.
             The game lasted 00:02:18 (801 turns).

letownia2 the Grave Robber (Deep Dwarf Necromancer)  Turns: 801, Time: 00:02:19

Health: -7/28      AC:  5    Str: 11    XL:     3   Next: 85%
Magic:  3/7        EV: 11    Int: 19    God:
Gold:   28         SH:  0    Dex: 13    Spells: 3/7 levels left

rFire    . . .     SeeInvis .   a - +0 rapier
rCold    . . .     Gourm    .   (no shield)
rNeg     . . .     Faith    .   h - +0 ring mail
rPois    .         Spirit   .   (no helmet)
rElec    .         Reflect  .   (no cloak)
rCorr    .         Harm     .   (no gloves)
MR       .....                  (no boots)
Stlth    +.........             (no amulet)
Regen    0.0/turn               l - +3 ring of intelligence
MPRegen  0.1/turn               (no ring)

@: very slightly contaminated, non-regenerating
A: damage resistance, heal wounds, sense surroundings 1, no regeneration
a: Heal Wounds


You were on level 4 of the Dungeon.
You were not hungry.

You visited 1 branch of the dungeon, and saw 4 of its levels.

You collected 28 gold pieces.

Inventory:

Hand Weapons
 a - a +0 rapier (weapon)
Missiles
 g - 27 poisoned needles
Armour
 h - a +0 ring mail (worn)
 n - a +0 robe
Jewellery
 l - a +3 ring of intelligence (left hand)
Scrolls
 e - 2 scrolls of identify {unknown}
 f - a scroll of immolation {unknown}
 k - a scroll of teleportation {unknown}
Potions
 i - a potion of curing {unknown}
 j - a potion of lignification {unknown}
 m - a potion of might {unknown}
 o - a potion of degeneration {unknown}
Books
 b - a book of Necromancy

   Spells                             Type                      Level
   a - Pain                           Necromancy                   1
   b - Animate Skeleton               Necromancy                   1
   c - Vampiric Draining              Necromancy                   3
   d - Regeneration                   Charms/Necromancy            3
   e - Animate Dead                   Necromancy                   4
   f - Control Undead                 Necromancy                   4
Comestibles
 c - 3 bread rations
 d - 2 meat rations


   Skills:
 - Level 2.1 Dodging
 - Level 2.4 Stealth
 + Level 2.7 Spellcasting
 + Level 5.3 Necromancy


You had 3 spell levels left.
You knew the following spells:

 Your Spells              Type           Power        Failure   Level  Hunger
a - Pain                  Necr           ###.         4%          1    None
v - Vampiric Draining     Necr           ###.......   13%         3    ###....


Dungeon Overview and Level Annotations

Branches:
Dungeon (4/15)
 Temple: D:4-7

Altars:
Dithmenos


Innate Abilities, Weirdness & Mutations

You are resistant to damage.
You can heal yourself by infusing magical energy.
You passively map a small area around you.
You do not regenerate.


Message History

An orc priest comes into view.
The worker ant twitches its antennae in your direction.
The orc priest shouts!
An orc comes into view. It is wielding a flail.
An orc comes into view. It is wielding a trident.
The orc shouts!
You open the large door. The worker ant bites you.
The worker ant barely misses you.
Found a scroll labeled QIAFOGUSET.
There is a large open door here.
The orc priest mumbles some strange prayers to Beogh against you.
Beogh smites you! The worker ant barely misses you.
The orc priest calls down the wrath of Beogh upon you.
Beogh smites you!
* * * LOW HITPOINT WARNING * * *
The worker ant waves its antennae.
A bullfrog skeleton comes into view.
The orc priest invokes the aid of Beogh against you.
Beogh smites you!
You die...

, , , ..Z ..... ,
....#######.....
,................
#............... * *
#............. #...........# *
,,* #...........+ , ,
#......a@...#* ###...........#
, , #........o....# ,
#.............# * ,
#...w.oo...?..#*
#....''#..............#
#######....#.#..............##
*
.............#...............,
.....#######...........(.... ,


You could see a worm, a worker ant, an orc priest, 2 orcs and a bullfrog
skeleton.

Vanquished Creatures
  A scorpion (D:4)
  An ooze (D:1)
  3 leopard geckos
  A goblin (D:1)
  A hobgoblin (D:1)
  A ball python (D:3)
  A bat (D:1)
9 creatures vanquished.

Notes
Turn   | Place    | Note
-------+----------+-------------------------------------------
     0 | D:1      | letownia2 the Deep Dwarf Necromancer began the quest for the Orb.
     0 | D:1      | Reached XP level 1. HP: 15/15 MP: 3/3
   469 | D:1      | Reached XP level 2. HP: 16/22 MP: 0/5
   607 | D:3      | Found a shadowy altar of Dithmenos.
   662 | D:4      | Noticed a scorpion
   677 | D:4      | Killed a scorpion
   677 | D:4      | Reached skill level 5 in Necromancy
   677 | D:4      | Reached XP level 3. HP: 17/28 MP: 0/7
   682 | D:4      | Learned a level 3 spell: Vampiric Draining
   801 | D:4      | Killed from afar by an orc priest

Skill      XL: |  1  2 |
---------------+-------+-----
Spellcasting   | 2 |  2.7
Necromancy     | 5 |  5.3
Dodging        | |  2.1
Stealth        | |  2.4

Action                   || total
-------------------------++-------
Melee: Unarmed           ||    17
       Rapier            ||     1
 Cast: Pain              ||    27
       Vampiric Draining ||     1
Armor: Ring mail         ||    12
Dodge: Dodged            ||    17
